 Dungeon Sprint DCSS version 0.26.1-11-gd32895ea62 (webtiles) character file.

Game seed: 15198816782961021803

11500000 Groucho the Formicid Barricade (level 27, 0/249 HPs)
             Began as a Formicid Fighter on July 1, 2021.
             Was the Champion of Makhleb.
             Killed from afar by a dread (17 damage)
             ... with damnation
             ... in the Dungeon (Sprint VIII: "Arena of Blood").
             The game lasted 00:06:44 (115 turns).

Groucho the Formicid Barricade (Formicid Fighter)    Turns: 115, Time: 00:06:45

Health: 0/249      AC: 13    Str: 23    XL:     27
Magic:  38/54      EV: 32    Int: 10    God:    Makhleb [******]
Gold:   0          SH: 19    Dex: 19    Spells: 80/80 levels left

rFire    . . .     SeeInvis +   h - +∞ Axe of Woe
rCold    . . .     Faith    .   c - +0 kite shield
rNeg     . . .     Spirit   .   b - +0 scale mail
rPois    .         Reflect  .   (helmet unavailable)
rElec    .         Harm     .   (no cloak)
rCorr    .         Rampage  .   (no gloves)
Will     ++...                  (no boots)
Stlth    ++++++++..             (no amulet)
HPRegen  0.51/turn              (no ring)
MPRegen  0.34/turn              (no ring)

@: no status effects
A: permanent stasis, dig shafts and tunnels, four strong arms, antennae 3
a: Dig, Renounce Religion, Minor Destruction, Lesser Servant of Makhleb, Major
Destruction, Greater Servant of Makhleb


You were in the Dungeon.
You worshipped Makhleb.
Makhleb was exalted by your worship.
You visited 1 branch

Inventory:

Hand Weapons
 a - a +0 war axe
 h - the +∞ Axe of Woe (weapon)
   (You found it in the Dungeon)
Armour
 b - a +0 scale mail (worn)
 c - a +0 kite shield (worn)
Jewellery
 i - a +30 ring of slaying
 j - a +250 ring of slaying
 k - a +250 ring of slaying
 l - a +250 ring of slaying
 m - a +100 ring of slaying
 n - a +200 ring of slaying
 o - a +200 ring of slaying
Potions
 d - a potion of might
 e - a potion of curing
 f - a potion of heal wounds
 g - 2 potions of magic


   Skills:
 O Level 27 Fighting
 O Level 27 Short Blades
 O Level 27 Long Blades
 O Level 27 Axes
 O Level 27 Maces & Flails
 O Level 27 Polearms
 O Level 27 Staves
 O Level 27 Slings
 O Level 27 Bows
 O Level 27 Crossbows
 O Level 27 Throwing
 O Level 27 Armour
 O Level 27 Dodging
 O Level 27 Stealth
 O Level 27 Shields
 O Level 27 Unarmed Combat
 O Level 27 Spellcasting
 O Level 27 Conjurations
 O Level 27 Hexes
 O Level 27 Summonings
 O Level 27 Necromancy
 O Level 27 Translocations
 O Level 27 Transmutations
 O Level 27 Fire Magic
 O Level 27 Ice Magic
 O Level 27 Air Magic
 O Level 27 Earth Magic
 O Level 27 Poison Magic
 O Level 27 Invocations
 O Level 27 Evocations


You had 80 spell levels left.
You didn't know any spells.
Your spell library was empty.

Dungeon Overview and Level Annotations

Branches:
Dungeon (1/1)

Altars:
Makhleb


Innate Abilities, Weirdness & Mutations

You cannot be hasted, slowed, berserked, paralysed or teleported.
You can dig through walls and to a lower floor.
Your four strong arms can wield two-handed weapons with a shield.
You have a pair of large antennae on your head. (SInv)


Message History

The observer convulses!
The bag of meat convulses!
Your body is wracked with pain!
* * * LOW HITPOINT WARNING * * *
The scourge convulses!
You hear a shout! x2
A tyrant comes into view.
You hear a shout!
You hear an angry hiss.
You slice the bag of meat!!
You pulverise the bag of meat into a thin bloody mist.
You kill the bag of meat!
Makhleb accepts your kill.
You feel better.
You hear a shout! x3
The dread throws damnation at you.
The sphere of damnation explodes!
The damnation engulfs you!!!
* * * LOW HITPOINT WARNING * * *
A scourge comes into view.
The dread throws damnation at you.
The sphere of damnation explodes!
The damnation engulfs you!
You die...

....... .. .....
#.. ....# #..{
○..# .. .###..
...###...
......###...o....
.S..W._...V.{...
{ #..)))# { {
#_)@)_# {{
#.)§)○# {
......)○)○.....
......###○.....
.###.W ..X###..
#.. {XG#{ . #.
..S# { .. .o...
.. .X


You could see a tentacled monstrosity (summoned), a destroyer, an observer
(fast, invisible), 2 scourges, a large abomination (summoned, expiring), 2
dreads and a bag of meat.

Vanquished Creatures
  5 hell beasts (D)
  6 royal mummies (D)
  2 great orbs of eyes (D)
  2 wraiths (D)
  Harold (D)
  12 vampire knights (D)
  27 ogres (D)
  7 two-headed ogres (D)
  4 liches (D)
  2 hydras (D)
  50 orcs (D)
  A phantom (D)
  5 skeletal warriors (D)
  4 large abominations (D)
  2 small abominations (D)
  15 crawling corpses (D)
145 creatures vanquished.

Vanquished Creatures (others)
  A crawling corpse (D)
1 creature vanquished.

Grand Total: 146 creatures vanquished

Notes
Turn   | Place    | Note
-------+----------+-------------------------------------------
     0 | D        | Found the +∞ Axe of Woe
     0 | D        | Groucho the Formicid Fighter began the quest for the Orb.
     0 | D        | Reached XP level 1. HP: 18/18 MP: 1/1
     1 | D        | Noticed a bag of meat
     1 | D        | Noticed a bag of meat
     3 | D        | Noticed a bag of meat
     3 | D        | Noticed a bag of meat
     4 | D        | Noticed a meat berserker
     7 | D        | Became a worshipper of Makhleb the Destroyer
     7 | D        | Noticed a meat berserker
     9 | D        | Killed a bag of meat
     9 | D        | Killed a bag of meat
     9 | D        | Reached * piety under Makhleb
     9 | D        | Noticed a bag of meat
     9 | D        | Noticed a bag of meat
    10 | D        | Reached XP level 2. HP: 50/50 MP: 2/2
    10 | D        | Reached XP level 3. HP: 57/57 MP: 3/3
    10 | D        | Reached XP level 4. HP: 64/64 MP: 4/4
    10 | D        | Reached XP level 5. HP: 70/70 MP: 5/5
    10 | D        | Reached XP level 6. HP: 78/78 MP: 6/6
    10 | D        | Reached XP level 7. HP: 84/84 MP: 7/7
    10 | D        | Reached XP level 8. HP: 92/92 MP: 8/8
    10 | D        | Reached XP level 9. HP: 98/98 MP: 9/9
    10 | D        | Reached XP level 10. HP: 105/105 MP: 10/10
    10 | D        | Reached XP level 11. HP: 112/112 MP: 11/11
    10 | D        | Reached XP level 12. HP: 119/119 MP: 12/12
    10 | D        | Reached XP level 13. HP: 126/126 MP: 13/13
    11 | D        | Killed a meat berserker
    11 | D        | Killed a meat berserker
    11 | D        | Noticed a meat berserker
    12 | D        | Reached XP level 14. HP: 146/146 MP: 14/14
    12 | D        | Reached XP level 15. HP: 153/153 MP: 15/15
    12 | D        | Reached XP level 16. HP: 161/161 MP: 16/16
    12 | D        | Reached ** piety under Makhleb
    14 | D        | Reached skill level 27 in Shields
    16 | D        | Reached skill level 27 in Fighting
    16 | D        | Reached XP level 17. HP: 130/174 MP: 17/17
    16 | D        | Killed a meat berserker
    16 | D        | Reached *** piety under Makhleb
    16 | D        | Noticed a meat berserker
    17 | D        | Reached skill level 27 in Armour
    17 | D        | Reached XP level 18. HP: 182/182 MP: 18/18
    21 | D        | Killed a meat berserker
    26 | D        | Reached **** piety under Makhleb
    26 | D        | Noticed a meat berserker
    27 | D        | Reached XP level 19. HP: 189/189 MP: 19/19
    28 | D        | Noticed an eight-headed meat hydra
    30 | D        | Killed a meat berserker
    30 | D        | Noticed a meat berserker
    31 | D        | Reached skill level 27 in Axes
    31 | D        | Reached skill level 27 in Dodging
    31 | D        | Noticed a meat berserker
    33 | D        | Reached skill level 10 in Invocations
    33 | D        | Reached XP level 20. HP: 197/197 MP: 19/32
    34 | D        | Noticed The Servant
    34 | D        | Noticed a destroyer
    35 | D        | Killed a meat berserker
    36 | D        | Noticed a meat berserker
    36 | D        | Killed a nine-headed meat hydra
    36 | D        | Reached ***** piety under Makhleb
    37 | D        | Reached skill level 15 in Unarmed Combat
    37 | D        | Reached skill level 15 in Spellcasting
    38 | D        | Noticed a meat berserker
    39 | D        | Killed a meat berserker
    40 | D        | Reached XP level 21. HP: 204/204 MP: 20/44
    40 | D        | Killed a destroyer
    40 | D        | Noticed a destroyer
    43 | D        | Reached skill level 27 in Invocations
    43 | D        | Reached XP level 22. HP: 212/212 MP: 20/50
    43 | D        | Reached ****** piety under Makhleb
    44 | D        | Noticed a destroyer
    44 | D        | Noticed a destroyer
    45 | D        | Killed a meat berserker
    46 | D        | Reached skill level 27 in Unarmed Combat
    46 | D        | Reached skill level 27 in Spellcasting
    46 | D        | Reached XP level 23. HP: 219/219 MP: 21/54
    47 | D        | Reached skill level 5 in Long Blades
    47 | D        | Reached skill level 5 in Staves
    47 | D        | Reached skill level 5 in Bows
    47 | D        | Killed a destroyer
    48 | D        | Reached skill level 10 in Bows
    48 | D        | Noticed a large bag of meat
    48 | D        | Noticed an accursed
    49 | D        | Noticed a destroyer
    51 | D        | Reached skill level 15 in Short Blades
    51 | D        | Reached skill level 15 in Long Blades
    51 | D        | Reached skill level 15 in Polearms
    51 | D        | Reached skill level 15 in Staves
    51 | D        | Reached XP level 24. HP: 195/227 MP: 22/54
    51 | D        | Noticed a destroyer
    52 | D        | Killed The Servant
    52 | D        | Killed a destroyer
    53 | D        | Reached skill level 27 in Maces & Flails
    53 | D        | Reached XP level 25. HP: 234/234 MP: 23/54
    53 | D        | Killed a destroyer
    54 | D        | Reached XP level 26. HP: 242/242 MP: 23/54
    54 | D        | Noticed an accursed
    55 | D        | Killed a destroyer
    56 | D        | Noticed a large bag of meat
    57 | D        | Reached XP level 27. HP: 223/249 MP: 24/54
    57 | D        | Killed a large bag of meat
    57 | D        | Killed a destroyer
    57 | D        | Noticed a destroyer
    58 | D        | Reached skill level 27 in Short Blades
    58 | D        | Reached skill level 27 in Polearms
    58 | D        | Noticed an accursed
    59 | D        | Reached skill level 27 in Long Blades
    59 | D        | Reached skill level 27 in Staves
    59 | D        | Reached skill level 10 in Hexes
    59 | D        | Reached skill level 10 in Earth Magic
    60 | D        | Reached skill level 10 in Slings
    60 | D        | Reached skill level 10 in Transmutations
    60 | D        | Reached skill level 10 in Evocations
    60 | D        | Noticed a destroyer
    61 | D        | Reached skill level 10 in Crossbows
    61 | D        | Reached skill level 10 in Throwing
    61 | D        | Reached skill level 10 in Summonings
    61 | D        | Reached skill level 10 in Necromancy
    61 | D        | Reached skill level 10 in Fire Magic
    61 | D        | Reached skill level 10 in Ice Magic
    61 | D        | Killed an accursed
    62 | D        | Noticed a large bag of meat
    63 | D        | Reached skill level 15 in Slings
    63 | D        | Killed a destroyer
    64 | D        | Reached skill level 15 in Conjurations
    64 | D        | Reached skill level 15 in Translocations
    64 | D        | Noticed a dread
    64 | D        | Killed a destroyer
    65 | D        | Killed an accursed
    65 | D        | Noticed a meat beast
    66 | D        | Noticed a destroyer
    69 | D        | Noticed a large bag of meat
    69 | D        | Killed a destroyer
    69 | D        | Killed a dread
    70 | D        | Reached skill level 27 in Bows
    70 | D        | Killed a large bag of meat
    71 | D        | Killed a meat beast
    71 | D        | Killed an accursed
    72 | D        | Reached skill level 27 in Hexes
    72 | D        | Reached skill level 27 in Earth Magic
    72 | D        | Reached skill level 27 in Poison Magic
    72 | D        | Noticed a large bag of meat
    75 | D        | Reached skill level 27 in Slings
    75 | D        | Reached skill level 27 in Transmutations
    75 | D        | Reached skill level 27 in Evocations
    76 | D        | Noticed a meat beast
    76 | D        | Killed a large bag of meat
    76 | D        | Killed a large bag of meat
    76 | D        | Noticed a large bag of meat
    78 | D        | Reached skill level 27 in Crossbows
    78 | D        | Reached skill level 27 in Throwing
    78 | D        | Reached skill level 27 in Summonings
    78 | D        | Reached skill level 27 in Necromancy
    78 | D        | Reached skill level 27 in Fire Magic
    78 | D        | Reached skill level 27 in Ice Magic
    79 | D        | Reached skill level 27 in Conjurations
    79 | D        | Reached skill level 27 in Translocations
    79 | D        | Reached skill level 27 in Air Magic
    79 | D        | Reached skill level 10 in Stealth
    79 | D        | Noticed an accursed
    80 | D        | Noticed a meat beast
    81 | D        | Reached skill level 27 in Stealth
    81 | D        | Killed a large bag of meat
    82 | D        | Killed a meat beast
    82 | D        | Noticed a tyrant
    82 | D        | Noticed a meat beast
    84 | D        | Killed a meat beast
    84 | D        | Killed a meat beast
    84 | D        | Noticed a meat beast
    85 | D        | Killed a large bag of meat
    88 | D        | Noticed an accursed
    88 | D        | Noticed a destroyer
    89 | D        | Killed a meat beast
    89 | D        | Noticed a tyrant
    90 | D        | Noticed a tyrant
    90 | D        | Killed a destroyer
    90 | D        | Noticed a destroyer
    92 | D        | Killed a tyrant
    92 | D        | Noticed a destroyer
    94 | D        | Killed a destroyer
    94 | D        | Noticed a large bag of meat
    94 | D        | Noticed an accursed
    95 | D        | Killed a tyrant
    97 | D        | Noticed a dread
    98 | D        | Killed a tyrant
    99 | D        | Noticed a tyrant
   100 | D        | Killed an accursed
   102 | D        | Killed an accursed
   103 | D        | Noticed a dread
   103 | D        | Killed a large bag of meat
   104 | D        | Killed a destroyer
   107 | D        | Killed an accursed
   108 | D        | Noticed a dread
   108 | D        | Killed a dread
   108 | D        | Noticed a tyrant
   110 | D        | Noticed a tyrant
   111 | D        | Killed a tyrant
   111 | D        | Noticed a destroyer
   114 | D        | Noticed a tyrant
   115 | D        | Killed from afar by a dread

Illustrated notes

Levels and vault maps discovered:
D:        meatsprint

Skill      XL: |  1  2  3  4  5  6  7  8  9 10 11 12 13 14 15 16 17 18 19 20 21 22 23 24 25 26 27 |
---------------+----------------------------------------------------------------------------------+-----
Fighting       | 19 24 27 | 27.0
Axes           | 12 16 18 21 24 27 | 27.0
Armour         | 19 24 26 27 | 27.0
Shields        | 20 25 27 | 27.0
Dodging        | 9 16 24 27 | 27.0
Unarmed Combat | 8 19 24 27 | 27.0
Spellcasting   | 8 19 24 27 | 27.0
Invocations    | 10 22 27 | 27.0
Maces & Flails | 21 24 27 | 27.0
Short Blades   | 15 21 23 26 27 | 27.0
Long Blades    | 15 21 23 26 27 | 27.0
Polearms       | 15 21 23 26 27 | 27.0
Staves         | 15 21 23 26 27 | 27.0
Bows           | 13 19 20 23 27 | 27.0
Slings         | 27 | 27.0
Crossbows      | 27 | 27.0
Throwing       | 27 | 27.0
Conjurations   | 27 | 27.0
Hexes          | 27 | 27.0
Summonings     | 27 | 27.0
Necromancy     | 27 | 27.0
Translocations | 27 | 27.0
Transmutations | 27 | 27.0
Fire Magic     | 27 | 27.0
Ice Magic      | 27 | 27.0
Air Magic      | 27 | 27.0
Earth Magic    | 27 | 27.0
Poison Magic   | 27 | 27.0
Evocations     | 27 | 27.0
Stealth        | 27 | 27.0

Action                   |  1- 3 |  4- 6 |  7- 9 | 10-12 | 13-15 | 16-18 | 19-21 | 22-24 | 25-27 || total
-------------------------+-------+-------+-------+-------+-------+-------+-------+-------+-------++-------
Melee: Executioner's axe |     1 |       |       |       |     1 |     7 |     8 |     8 |    53 ||    78
Armor: Scale mail        |       |       |       |       |       |       |       |       |     1 ||     1
Dodge: Dodged            |       |       |       |       |     1 |       |       |     1 |       ||     2
Block: Kite shield       |       |       |       |       |       |       |       |     1 |     3 ||     4
